AoeStats
← Antoine VR1833

Hideout

509389546Analyzed
1v1 RM · 4d ago on Sep 26, 2026· 42m 42s· 2 players
Game mode
Random Map
Map size
Tiny (2 player)
Population
200
Speed
Normal
Resources
Standard
Victory
Conquest
Starting age
Dark Age
Ending age
Imperial Age
RankedLock teamsTeams togetherTeam positionsShared explorationLock speedFull tech treeHidden civsTurbo modeCheats
Victory
Defeat
🇲🇽 Celts · Mexico
766
+14
🇦🇺 Inca · Australia
731
-14
Tinkerbells_t.t
1:36 Loom
11:21 Feudal Age
12:14 Horse Collar
12:25 Town Watch
17:11 Double-Bit Axe
19:25 Arson
19:34 Fletching
19:45 Padded Archer Armor
19:55 Forging
25:25 Castle Age
24:50 Wheelbarrow
27:34 Heavy Plow
27:06 Pikeman
27:47 Squires
29:02 Bow Saw
28:36 Crossbowman
29:26 Scale Mail Armor
30:13 Hand Cart
31:54 Stone Mining
31:54 Gold Mining
34:03 Stone Shaft Mining
34:03 Gold Shaft Mining
34:19 Murder Holes
35:25 Masonry
35:55 Treadmill Crane
36:14 Bodkin Arrow
36:55 Iron Casting
38:02 Andean Sling
40:09 Leather Archer Armor
40:10 Chain Mail Armor
42:43 Thumb Ring
Antoine VR1833
10:25 Feudal Age
11:06 Double-Bit Axe
12:12 Man-at-Arms
12:47 Loom
13:35 Arson
19:30 Castle Age
18:08 Forging
18:03 Gold Mining
18:07 Horse Collar
19:42 Fletching
19:53 Padded Archer Armor
20:48 Scale Mail Armor
22:12 Long Swordsman
23:37 Iron Casting
23:17 Chain Mail Armor
24:21 Bow Saw
25:53 Wheelbarrow
25:47 Bodkin Arrow
26:51 Leather Archer Armor
27:29 Ballistics
31:41 Stone Mining
31:29 Elite Skirmisher
35:43 Imperial Age
34:19 Gambesons
34:47 Scale Barding Armor
35:49 Capped Ram
36:16 Two-Handed Swordsman
37:57 Hand Cart
38:43 Champion
40:28 Blast Furnace
39:59 Plate Mail Armor
42:11 Chemistry
41:17 Siege Engineers
41:42 Conscription
Connection lost

Rejoining the realm…

Still unreachable

The connection could not be restored.

Session expired

The server has moved on; the page needs a fresh start.